 Dungeon Crawl Stone Soup version 0.26-a0-612-gd4d190f45e (webtiles) character file.

Game seed: 1222650852114521455

65 Peloso the Skirmisher (level 3, -8/29 HPs)
             Began as a Demonspawn Fighter on Sept 9, 2020.
             Killed by nerve-wracking pain
             ... invoked by an orc priest
              (13 damage)
             ... on level 2 of the Dungeon.
             The game lasted 00:03:35 (1778 turns).

Peloso the Skirmisher (Demonspawn Fighter)          Turns: 1778, Time: 00:03:35

Health: -8/29      AC: 14    Str: 17    XL:     3   Next: 94%
Magic:  0/3        EV:  2    Int:  9    God:
Gold:   87         SH:  9    Dex: 12    Spells: 2/2 levels left

rFire    + . .     SeeInvis .   a - +0 long sword
rCold    x . .     Faith    .   c - +0 kite shield
rNeg     . . .     Spirit   +   k - +0 plate armour
rPois    .         Reflect  .   (no helmet)
rElec    .         Harm     .   m - +0 cloak
rCorr    .                      (no gloves)
MR       .....                  (no boots)
Stlth    ..........             (no amulet)
HPRegen  0.09/turn              l - ring of fire
MPRegen  0.08/turn              (no ring)

@: no status effects
A: iridescent scales 1, magic shield
a: no special abilities


You were on level 2 of the Dungeon.
You visited 1 branch of the dungeon, and saw 2 of its levels.

You collected 87 gold pieces.

Inventory:

Hand Weapons
 a - a +0 long sword (weapon)
Armour
 b - a +0 scale mail
 c - a +0 kite shield (worn)
 k - a +0 plate armour (worn)
 m - a +0 cloak (worn)
Jewellery
 l - a ring of fire (left hand)
Scrolls
 g - 2 scrolls of teleportation
 h - a scroll of fear {unknown}
 i - a scroll of remove curse
 j - a scroll of magic mapping {unknown}
 o - a scroll of identify {unknown}
 q - 2 scrolls of amnesia {unknown}
Potions
 d - a potion of might
 e - a potion of ambrosia {unknown}
 f - a potion of curing {unknown}
 n - a potion of invisibility {unknown}
 p - a potion of flight {unknown}


   Skills:
 + Level 3.4 Fighting
 + Level 2.4 Long Blades
 + Level 3.1 Armour
 + Level 0.5 Stealth
 + Level 3.2 Shields


You had 2 spell levels left.
You didn't know any spells.
Your spell library was empty.

Dungeon Overview and Level Annotations

Branches:
Dungeon (2/15)

Altars:


Innate Abilities, Weirdness & Mutations

You are partially covered in iridescent scales. (AC +2)
When hurt, damage is shared between your health and your magic reserves.


Message History

You hit the orc priest.
The orc priest is moderately wounded.
The orc priest hits you with a +0 morningstar of protection.
* * * LOW HITPOINT WARNING * * *
You block the orc priest's attack.
You hit the orc priest.
The orc priest is heavily wounded.
You block the orc priest's attack.
You hit the orc priest.
The orc priest is severely wounded.
The orc priest hits you but does no damage.
You hit the orc priest but do no damage.
The orc priest is severely wounded.
The orc priest hits you with a +0 morningstar of protection.
* * * LOW HITPOINT WARNING * * *
Your shield and plate armour prevent you from hitting the orc priest.
The orc priest is severely wounded.
The orc priest calls down the wrath of Beogh upon you.
Pain shoots through your body!
You die...

.......o..#
.......#..#####
.#...#.#.....(+
.... ..#.####.#
#### ... .oo#.#
#..# .. .o..#o#
.#.# #.
.o.#o#o# ##.#
#......o#o#
#(## #. #@#
.#=# #$ ##.#
##.#
.#######..#
#.)#
.........##
.####
.........##
.##.#
########..#
....# ##.#
....# #.##
#####
###..###.#


You could see an orc priest and 2 orcs.

Vanquished Creatures
  An adder (D:2)
  An ooze (D:1)
  2 dart slugs (D:1)
  4 leopard geckos
  An orc (D:2)
  3 giant cockroaches
  6 goblins
  3 hobgoblins (D:1)
  3 jackals (D:1)
  6 kobolds
  A quokka (D:2)
  3 bats (D:1)
  4 frilled lizards
  2 rats (D:1)
40 creatures vanquished.

Vanquished Creatures (others)
  2 plants (D:1)
2 creatures vanquished.

Grand Total: 42 creatures vanquished

Notes
Turn   | Place    | Note
-------+----------+-------------------------------------------
     0 | D:1      | Peloso the Demonspawn Fighter began the quest for the Orb.
     0 | D:1      | Reached XP level 1. HP: 18/18 MP: 1/1
   222 | D:1      | Gained mutation: You are partially covered in iridescent
                  | scales. (AC +2) [demonic ancestry]
   222 | D:1      | Reached XP level 2. HP: 22/24 MP: 2/2
   566 | D:1      | Gained mutation: When hurt, damage is shared between your
                  | health and your magic reserves. [demonic ancestry]
   566 | D:1      | Reached XP level 3. HP: 27/29 MP: 3/3
  1778 | D:2      | Killed from afar by an orc priest

Illustrated notes

Levels and vault maps discovered:
D:1:      dpeg_arrival_short_road, layout_basic, chequers_big_river
D:2:      cheibrodos_pilgrimage, layout_basic, marbit_many_paths,
          chequers_ecumenical_altar_simple, minmay_tetromino_o4

Skill      XL: |  1  2 |
---------------+-------+-----
Shields        | 3 |  3.2
Long Blades    | 2 |  2.4
Armour         | 3 |  3.1
Fighting       | |  3.4
Stealth        | |  0.5

Action                   || total
-------------------------++-------
Melee: Long sword        ||   151
  Use: Scroll            ||     3
       Potion            ||     1
Armor: Scale mail        ||    42
       Plate armour      ||    54
Dodge: Dodged            ||    33
Block: Kite shield       ||    94
       Rpst.: Long sword ||    14

Table legend: (Time is in decaauts)
 A = Elapsed time spent in this place.
 B = Non-inter-level travel time spent in this place.
 C = Inter-level travel time spent in this place.
 D = Time resting spent in this place.
 E = Time spent auto-exploring this place.
 F = Levels seen in this place.
 G = Mean time per level.
                   A        B        C        D        E       F      G
               +--------+--------+--------+--------+--------+-----+--------+
         Total |   1845 |   1836 |      9 |    442 |    904 |   2 |  922.5 |
       Dungeon |   1845 |   1836 |      9 |    442 |    904 |   2 |  922.5 |
               +--------+--------+--------+--------+--------+-----+--------+

Top non-repeatable levels by time:
     D:1: 951 daAuts
     D:2: 893 daAuts
